 Dungeon Crawl Stone Soup version 0.20.1-1-g8b1a95d (webtiles) character file.

2357 Alarak the Cleaver (level 9, 0/71 HPs)
             Began as a Hill Orc Berserker on Aug 22, 2017.
             Was a Priest of Trog.
             Succumbed to an adder's poison
             ... on level 7 of the Dungeon.
             The game lasted 00:28:03 (5659 turns).

Alarak the Cleaver (Hill Orc Berserker)             Turns: 5659, Time: 00:28:03

Health: 0/71       AC: 18    Str: 23    XL:     9   Next: 44%
Magic:  9/9        EV:  7    Int:  7    God:    Trog [***...]
Gold:   384        SH:  5    Dex: 10    Spells: 8/8 levels left

rFire    . . .     SeeInvis .   a - +0 hand axe
rCold    . . .     Gourm    .   n - +0 buckler
rNeg     . . .     Faith    .   s - +0 plate armour
rPois    .         Spirit   .   (no helmet)
rElec    .         Reflect  .   (no cloak)
rCorr    .         Harm     +   I - +0 pair of gloves
MR       +++..                  (no boots)
Stlth    ..........             t - amulet of harm
Regen    1.3/turn               j - +3 ring of protection
MPRegen  0.2/turn               v - ring of protection from magic

@: lethally poisoned (0 -> -23), berserk cooldown, regenerating, hasted and
slowed
A: no striking features
a: Berserk, Trog's Hand, Burn Spellbooks, Renounce Religion


You were on level 7 of the Dungeon.
You worshipped Trog.
Trog was most pleased with you.
You were very hungry.

You visited 1 branch of the dungeon, and saw 7 of its levels.

You collected 384 gold pieces.

Inventory:

Hand Weapons
 a - a +0 hand axe (weapon)
 G - a +0 battleaxe
Armour
 d - a +0 shield
 n - a +0 buckler (worn)
 s - a +0 plate armour (worn)
 I - a +0 pair of gloves (worn)
 L - a +0 helmet
Jewellery
 j - a +3 ring of protection (left hand)
 t - an amulet of harm (around neck)
 v - a ring of protection from magic (right hand)
 J - a +2 ring of intelligence
Wands
 w - a wand of iceblast (5/15)
 K - a wand of confusion (18/48)
Scrolls
 b - 2 scrolls of teleportation {unknown}
 h - 5 scrolls of identify
 i - 2 scrolls of random uselessness
 x - a scroll of magic mapping {unknown}
 y - a scroll of enchant armour {unknown}
 A - a scroll of noise {unknown}
 B - a scroll of recharging
 C - a scroll of fog {unknown}
 D - a scroll of fear
 E - a scroll of immolation {unknown}
 F - 2 scrolls of enchant weapon {unknown}
Potions
 f - a potion of brilliance {unknown}
 g - 2 potions of haste
 l - 2 potions of agility {unknown}
 m - 2 potions of flight {unknown}
 o - 2 potions of mutation {unknown}
 q - 2 potions of ambrosia {unknown}
 r - a potion of might {unknown}
 u - 2 potions of curing {unknown}
 z - a potion of lignification {unknown}
Comestibles
 c - 8 bread rations
 k - 4 meat rations
 p - 3 fruits
 H - 2 chunks of flesh


   Skills:
 - Level 3.7 Fighting
 - Level 11.0 Axes
 + Level 8.5 Armour
 - Level 1.5 Dodging
 - Level 6.0 Shields


You had 8 spell levels left.
You didn't know any spells.

Dungeon Overview and Level Annotations

Branches:
Dungeon (7/15)             Temple (0/1) D:7

Altars:
Ashenzari
Dithmenos
Kikubaaqudgha
Qazlal
Sif Muna
Vehumet
Xom
Zin
The Shining One


Message History

The gnoll hits you but does no damage.
You are lethally poisoned!
The adder bites you but does no damage. The gnoll completely misses you.
The gnoll hits you but does no damage.
The gnoll hits you from afar with a halberd.
* * * LOW HITPOINT WARNING * * *
You block the gnoll's attack. The gnoll shaman completely misses you.
You closely miss the gnoll shaman. You closely miss the gnoll.
Your plate armour prevents you from hitting the adder.
* * * LOW HITPOINT WARNING * * *
You feel very sick. The adder bites you.
* * * LOW HITPOINT WARNING * * *
You are more poisoned.
The adder poisons you! You block the gnoll's attack.
The gnoll hits you but does no damage.
You slash the gnoll shaman!
The gnoll shaman is severely wounded.
You hit the adder. You hit the gnoll.
You die...

#############
...........[ ..
........... ..
.......... . ...g.....
##. #g.g.#
..#..##@#..##..##
#.......gSg.....(.
#.....#...#$...... ....
#.⌠.# ......
#.#.###...###...#
##.#.............##
........#..⌠..>..⌠......
..............†.........
#
#.........###...###.....


You could see a gnoll shaman, 4 gnolls and an adder.

Vanquished Creatures
  Grinder (D:3)
  Sigmund (D:2)
  A wyvern (D:5)
  The ghost of tidbits the Insei, an amateur DgTm (D:4)
  A sky beast (D:7)
  2 ice beasts
  2 phantoms
  An ogre (D:4)
  A bullfrog (D:6)
  3 scorpions
  4 wights (D:7)
  A howler monkey (D:4)
  A crimson imp (D:6)
  2 hounds
  3 jellies
  2 bullfrog skeletons
  2 orc priests
  3 iguanas
  Natasha (thrice) (D:3)
  3 orc wizards
  2 worker ants
  4 gnolls (D:3)
  A howler monkey skeleton (D:4)
  3 adders
  A shadow imp (D:6)
  3 worms (D:2)
  3 leopard geckos
  11 orcs
  4 bats
  3 giant cockroaches
  8 goblins
  8 hobgoblins
  3 jackals
  3 quokkas
  4 ball pythons
  6 frilled lizards
  7 kobolds
  A quokka skeleton (D:6)
  10 rats
123 creatures vanquished.

Vanquished Creatures (collateral kills)
  A bullfrog (D:7)
  2 jackals (D:7)
3 creatures vanquished.

Vanquished Creatures (others)
  A plant (D:4)
  7 toadstools (D:1)
8 creatures vanquished.

Grand Total: 134 creatures vanquished

Notes
Turn   | Place    | Note
-------+----------+-------------------------------------------
     0 | D:1      | Alarak the Hill Orc Berserker began the quest for the Orb.
     0 | D:1      | Reached XP level 1. HP: 19/19 MP: 1/1
   425 | D:1      | Reached XP level 2. HP: 24/27 MP: 2/2
   860 | D:2      | Reached skill level 5 in Axes
   991 | D:2      | Reached XP level 3. HP: 28/33 MP: 3/3
  1042 | D:2      | Reached ** piety under Trog
  1057 | D:2      | Found a glowing silver altar of Zin.
  1071 | D:2      | Reached skill level 1 in Shields
  1324 | D:2      | Found an ancient bone altar of Kikubaaqudgha.
  1335 | D:2      | Noticed Sigmund
  1403 | D:2      | Killed Sigmund
  1403 | D:2      | Reached XP level 4. HP: 4/40 MP: 4/4
  1403 | D:2      | Reached XP level 5. HP: 5/46 MP: 5/5
  1538 | D:2      | Reached skill level 5 in Shields
  1872 | D:3      | Reached XP level 6. HP: 35/52 MP: 6/6
  2082 | D:3      | Noticed Natasha
  2090 | D:3      | Killed Natasha
  2139 | D:3      | Noticed Natasha
  2168 | D:3      | Killed Natasha
  2385 | D:3      | Noticed Natasha
  2390 | D:3      | Killed Natasha
  2545 | D:3      | Noticed Grinder
  2564 | D:3      | Killed Grinder
  2564 | D:3      | Reached skill level 7 in Axes
  2564 | D:3      | Reached XP level 7. HP: 32/58 MP: 7/7
  2776 | D:4      | Reached skill level 8 in Axes
  3028 | D:4      | Noticed tidbits's ghost (amateur DgTm)
  3099 | D:4      | Killed tidbits's ghost
  3109 | D:4      | Reached skill level 9 in Axes
  3116 | D:4      | Reached *** piety under Trog
  3233 | D:4      | Reached XP level 8. HP: 56/66 MP: 8/8
  3312 | D:4      | Reached skill level 10 in Axes
  4126 | D:5      | Entered Level 5 of the Dungeon
  4128 | D:5      | Found a stormy altar of Qazlal.
  4130 | D:5      | Found a shattered altar of Ashenzari.
  4130 | D:5      | Found a glowing golden altar of the Shining One.
  4130 | D:5      | Found a deep blue altar of Sif Muna.
  4139 | D:5      | Reached skill level 11 in Axes
  4154 | D:5      | Noticed a wyvern
  4155 | D:5      | Found a shimmering altar of Xom.
  4167 | D:5      | Killed a wyvern
  4433 | D:5      | Found a shadowy altar of Dithmenos.
  4467 | D:5      | Reached skill level 5 in Armour
  4842 | D:6      | Reached XP level 9. HP: 56/71 MP: 9/9
  5105 | D:6      | Reached **** piety under Trog
  5113 | D:6      | Found a radiant altar of Vehumet.
  5605 | D:7      | Found a staircase to the Ecumenical Temple.
  5658 | D:7      | HP: 3/71 [adder (4)]
  5659 | D:7      | Succumbed to an adder's poison

Skill      XL: |  1  2  3  4  5  6  7  8  9 |
---------------+----------------------------+-----
Axes           | 5 7 9 11 | 11.0
Shields        | 4 5 6 |  6.0
Armour         | 6 8 |  8.5
Fighting       | |  3.7
Dodging        | |  1.5

Action                   |  1- 3 |  4- 6 |  7- 9 || total
-------------------------+-------+-------+-------++-------
Melee: Hand axe          |   138 |   129 |   384 ||   651
Invok: Berserk           |       |     2 |     4 ||     6
       Trog's Hand       |       |     1 |     4 ||     5
       Burn Spellbooks   |       |     1 |     1 ||     2
       Brothers in Arms  |       |       |     1 ||     1
  Use: Scroll            |     2 |     3 |     5 ||    10
       Potion            |     2 |       |     2 ||     4
  Eat: Chunk             |     1 |     6 |    15 ||    22
Armor: Animal skin       |     3 |       |       ||     3
       Chain mail        |    56 |    66 |    10 ||   132
       Plate armour      |       |       |   165 ||   165
Dodge: Dodged            |    48 |    54 |    90 ||   192
Block: Buckler           |     7 |    26 |    62 ||    95
